[Event "XLIV Sevilla Open 2019"]
[Site "Sevilla"]
[Date "2019.01.16"]
[Round "6"]
[White "Blanco Acevedo, Cristobal Jose"]
[Black "Clemente Llamero, Roberto"]
[Result "1-0"]
[ECO "D45"]
[WhiteElo "2397"]
[BlackElo "2101"]
[Annotator "NA"]
[PlyCount "43"]
[EventDate "2019.01.11"]
[EventType "swiss"]
[EventCountry "ESP"]
[SourceTitle "playchess.com"]
[Source "ChessBase"]
[SourceQuality "1"]
[TimeControl "5400+30"]

1. Nf3 d5 2. d4 Nf6 3. c4 c6 4. e3 e6 5. Nc3 Nbd7 6. Qc2 Bd6 7. g4 Nxg4 8. Rg1 Qf6 9. Rxg4 Qxf3 10. Rxg7 Bxh2 11. e4 dxe4 12. Nxe4 h6 13. Be3 Bc7 14. Bg2 Qf5 15. O-O-O Nf6 16. d5 Bd7 17. d6 Bb6 18. c5 Bd8 19. Rg1 Kf8 20. Bh3 Qh5 21. Nxf6 Bxf6 22. Qh7 1-0

[Event "XLIV Sevilla Open 2019"]
[Site "Sevilla"]
[Date "2019.01.16"]
[Round "6"]
[White "Polivanov, Anatoliy"]
[Black "Li, Xueyi"]
[Result "1/2-1/2"]
[ECO "D45"]
[WhiteElo "2374"]
[BlackElo "2194"]
[Annotator "NA"]
[PlyCount "46"]
[EventDate "2019.01.11"]
[EventType "swiss"]
[EventCountry "ESP"]
[SourceTitle "playchess.com"]
[Source "ChessBase"]
[SourceQuality "1"]
[TimeControl "5400+30"]

1. d4 d5 2. c4 c6 3. Nf3 e6 4. e3 Nf6 5. Nc3 Nbd7 6. Qc2 Bd6 7. g4 Nxg4 8. Rg1 Qf6 9. Rxg4 Qxf3 10. Rxg7 Nf6 11. Bg2 Qh5 12. e4 Nxe4 13. Bxe4 dxe4 14. Nxe4 Be7 15. Bg5 Bb4+ 16. Kf1 Qh3+ 17. Ke2 e5 18. Rg1 Bg4+ 19. Rxg4 Qxg4+ 20. Kf1 Qh3+ 21. Kg1 Qg4+ 22. Kf1 Qh3+ 23. Kg1 Qg4+ 1/2-1/2

[Event "XLIV Sevilla Open 2019"]
[Site "Sevilla"]
[Date "2019.01.16"]
[Round "6"]
[White "Cuellar Montes, Alejandro"]
[Black "Pogorelov, Ruslan"]
[Result "0-1"]
[ECO "E41"]
[WhiteElo "2064"]
[BlackElo "2357"]
[Annotator "NA"]
[PlyCount "76"]
[EventDate "2019.01.11"]
[EventType "swiss"]
[EventCountry "ESP"]
[SourceTitle "playchess.com"]
[Source "ChessBase"]
[SourceQuality "1"]
[TimeControl "5400+30"]

1. d4 Nf6 2. c4 e6 3. Nc3 Bb4 4. e3 Bxc3+ 5. bxc3 c5 6. Bd3 d6 7. Nf3 Nc6 8. O-O O-O 9. e4 e5 10. d5 Ne7 11. Ne1 Ng6 12. g3 Bh3 13. Ng2 Ne8 14. Qc2 Qd7 15. Re1 f5 16. exf5 Bxf5 17. Bxf5 Rxf5 18. Rb1 Rf7 19. Qe2 Nf6 20. Bg5 Raf8 21. f3 Ne8 22. Rf1 b6 23. Rbe1 Qh3 24. Bd2 Nf6 25. Ne3 h6 26. Qg2 Qd7 27. Bc1 Nh7 28. Qc2 Ne7 29. Qe2 Ng5 30. f4 exf4 31. gxf4 Nh3+ 32. Kh1 Nxf4 33. Qg4 Qxg4 34. Nxg4 Neg6 35. Rg1 Kh7 36. Re4 Nh3 37. Rg3 Rf1+ 38. Kg2 Rxc1 0-1